 Dungeon Crawl Stone Soup version 0.22-a0-354-g30dfbe6 (webtiles) character file.

102372 sankara the Severer (level 16, -1/149 HPs)
             Began as a Hill Orc Monk on Apr 12, 2018.
             Was a High Priest of Makhleb.
             Slain by a ghost moth (8 damage)
             ... on level 3 of the Spider Nest on Apr 16, 2018.
             The game lasted 01:53:59 (29304 turns).

sankara the Severer (Hill Orc Monk)                Turns: 29304, Time: 01:54:00

Health: -1/149     AC: 26    Str: 17 (21) XL:     16   Next: 33%
Magic:  0/27       EV:  7    Int: 10 (11) God:    Makhleb [*****.]
Gold:   2097       SH: 24    Dex:  7 (8)  Spells: 9/15 levels left

rFire    + + +     SeeInvis .   a - +0 war axe (vamp) {!w}
rCold    + + +     Gourm    .   G - +8 shield "Lauwkipi" {rN++ Regen+ Int+4 Dex-5}
rNeg     + + +     Faith    .   B - +0 plate armour {rF+}
rPois    +         Spirit   .   h - +0 helmet
rElec    +         Reflect  +   E - scarf {rC+ rF+}
rCorr    +         Harm     .   d - +1 pair of gloves
MR       +....                  F - +1 pair of boots {Stlth+}
Stlth    ..........             e - +3 amulet of reflection
HPRegen  0.74/turn              X - ring "Gidiff" {rF+ rC+ rN+ Int-3 Stlth+}
MPRegen  0.20/turn              l - +4 ring of protection

@: resistant
A: no striking features
a: Minor Destruction, Lesser Servant of Makhleb, Major Destruction, Greater
Servant of Makhleb, Renounce Religion


You were on level 3 of the Spider Nest.
You worshipped Makhleb.
Makhleb was extremely pleased with you.
You were not hungry.

You visited 5 branches of the dungeon, and saw 27 of its levels.
You also visited: Volcano.

You collected 2669 gold pieces.
You spent 572 gold pieces at shops.

Inventory:

Hand Weapons
 a - a +0 vampiric war axe (weapon) {!w}
   (You took it off an orc on level 9 of the Dungeon)
Missiles
 H - 11 tomahawks (quivered)
 Z - 3 javelins
Armour
 d - a +1 pair of gloves (worn)
   (You found it on level 14 of the Dungeon)
 h - a +0 helmet (worn)
   (You found it on level 1 of the Dungeon)
 B - a +0 plate armour of fire resistance (worn)
   (You found it in a volcano)
 E - a scarf of resistance (worn)
   (You found it on level 15 of the Dungeon)
 F - a +1 pair of boots of stealth (worn)
   (You bought it in a shop on level 7 of the Dungeon)
 G - the +8 shield "Lauwkipi" (worn) {rN++ Regen+ Int+4 Dex-5}
   (You found it on level 14 of the Dungeon)

   It affects your intelligence (+4).
   It affects your dexterity (-5).
   It greatly protects you from negative energy.
   It increases your rate of regeneration.
 P - the +3 shield "Vepomm" {MR++ SInv}
   (You found it on level 11 of the Dungeon)

   It affects your resistance to hostile enchantments.
   It lets you see invisible.
Jewellery
 c - an uncursed ring of flight {+Fly, !d}
   (You found it on level 2 of the Spider Nest)
 e - a +3 amulet of reflection (around neck)
   (You found it on level 1 of the Dungeon)
 l - a +4 ring of protection (right hand)
   (You found it on level 13 of the Dungeon)
 z - an uncursed ring of positive energy {rN+}
   (You found it on level 5 of the Lair of Beasts)
 A - an uncursed ring of teleportation {+/*tele, !d}
   (You found it on level 1 of the Lair of Beasts)
 R - an uncursed ring of protection from fire {rF+, !d}
   (You found it on level 12 of the Dungeon)
 X - the ring "Gidiff" (left hand) {rF+ rC+ rN+ Int-3 Stlth+}
   (You found it on level 2 of the Spider Nest)

   [ring of stealth]

   It affects your intelligence (-3).
   It protects you from fire.
   It protects you from cold.
   It protects you from negative energy.
   It makes you more stealthy.
 Y - an uncursed ring of ice {rC+, rF-}
   (You found it on level 15 of the Dungeon)
Wands
 j - a wand of iceblast (8)
   (You found it on level 11 of the Dungeon)
 q - a wand of disintegration (7)
   (You found it on level 10 of the Dungeon)
 r - a wand of enslavement (31)
   (You found it on level 13 of the Dungeon)
 w - a wand of paralysis (39)
   (You found it on level 10 of the Dungeon)
 x - a wand of random effects (18)
   (You found it on level 2 of the Spider Nest)
 I - a wand of scattershot (3)
   (You found it on level 1 of the Lair of Beasts)
 N - a wand of flame (82)
   (You took it off an orc on level 10 of the Dungeon)
 S - a wand of acid (5)
   (You found it on level 6 of the Lair of Beasts)
Scrolls
 f - a scroll of amnesia
 k - 5 scrolls of remove curse
 s - 10 scrolls of teleportation
 t - a scroll of acquirement {unknown}
 u - a scroll of brand weapon {unknown}
 y - a scroll of fear
 J - 2 scrolls of holy word {!r}
 K - 2 scrolls of summoning
 L - 2 scrolls of silence
 M - 3 scrolls of fog
 W - 4 scrolls of magic mapping {!r}
Potions
 b - a potion of invisibility {unknown}
 g - 2 potions of brilliance
 i - 6 potions of berserk rage {!q}
 m - 2 potions of agility
 o - a potion of curing
 p - 2 potions of haste
 D - 2 potions of cancellation
 O - 2 potions of flight
 Q - 2 potions of magic
 T - 4 potions of might
 U - 2 potions of heal wounds
Miscellaneous
 v - a lamp of fire
   (You found it on level 13 of the Dungeon)
Comestibles
 n - 50 rations


   Skills:
 - Level 15.0 Fighting
 - Level 16.0 Axes
 + Level 12.7 Armour
 - Level 5.0 Dodging
 - Level 3.0 Stealth
 - Level 15.0 Shields
 - Level 15.0 Invocations
 - Level 2.0 Evocations


You had 9 spell levels left.
You knew the following spells:

 Your Spells              Type           Power        Failure   Level  Hunger
a - Death Channel         Necr           #.........   100%        6    #######


Dungeon Overview and Level Annotations

Branches:
Dungeon (15/15)            Temple (1/1) D:4            Lair (6/6) D:8
 Shoals (0/4) Lair:3       Spider (3/4) Lair:2        Slime (0/5) Lair:6
    Orc (2/2) D:9             Elf (0/3) Orc:2        Vaults (0/5) D:14
 Depths (0/5) D:15

Altars:
Ashenzari
Cheibriados
Dithmenos
Elyvilon
Fedhas
Gozag
Hepliaklqana
Kikubaaqudgha
Makhleb
Nemelex Xobeh
Okawaru
Qazlal
Ru
Sif Muna
Trog
Uskayaw
Vehumet
Wu Jian
Xom
Yredelemnul
Zin
The Shining One

Shops:
D:7 *[   D:13 *   D:14 %   Orc:2 *:**:

Annotations:
D:7 exclusion: upstairs


Message History

Something hits you but does no damage. Something hits you.
* * * LOW HITPOINT WARNING * * *
You feel weakened.
Something stings you but does no damage.
A tarantella comes into view.
The tarantella hisses angrily.
You hit the demonic crawler but do no damage.
The demonic crawler is lightly wounded.
You closely miss something. You miss something.
The demonic crawler barely misses you.
The demonic crawler hits you but does no damage.
You block the demonic crawler's attack.
Something hits you but does no damage. x2
Something stings you but does no damage.
You hit the demonic crawler.
The demonic crawler is lightly wounded.
You hit something but do no damage. You closely miss something.
You block the demonic crawler's attack. The demonic crawler barely misses you.
You block the demonic crawler's attack.
You feel you are being watched by something.
You block something's attack. Something hits you but does no damage.
Something completely misses you. Something hits you but does no damage.
Something hits you.
* * * LOW HITPOINT WARNING * * *
Something stings you but does no damage.
The teleport trap disappears.
The orb spider disappears!
A tarantella comes into view.
A demon appears!
You block the demonic crawler's attack. x2
The demonic crawler hits you but does no damage.
You feel you are being watched by something.
Something hits you.
* * * LOW HITPOINT WARNING * * *
You block something's attack.
Something stings you but does no damage.
Something hits you but does no damage. x2
Something stings you but does no damage.
You block the demonic crawler's attack.
The demonic crawler hits you but does no damage. x2
Your plate armour prevents you from hitting the demonic crawler.
The demonic crawler is lightly wounded.
You miss something.
Your plate armour prevents you from hitting something.
Something hits you but does no damage. You block something's attack.
Something stings you but does no damage.
The demonic crawler hits you but does no damage.
You block the demonic crawler's attack. The demonic crawler barely misses you.
Something hits you.
* * * LOW HITPOINT WARNING * * *
You feel dopey. Something hits you but does no damage.
Something stings you but does no damage.
A redback and a demonic crawler come into view.
You feel much better. Something hits you but does no damage.
You block something's attack. Something stings you.
* * * LOW HITPOINT WARNING * * *
Your green death hits the demonic crawler but does no damage.
Your blizzard demon hits something!
Your blizzard demon misses something.
You block the demonic crawler's attack. The demonic crawler hits you.
* * * LOW HITPOINT WARNING * * *
You block the demonic crawler's attack. Something hits you but does no damage.
Something hits you.
* * * LOW HITPOINT WARNING * * *
Something stings you but does no damage.
A redback comes into view.
Okay, then.
Evoke which item? (* to show all) (? for menu, Esc to quit)
Aiming: Enslavement
Press: ? - help, Shift-Dir - straight line, f - demonic crawler
Aim: a demonic crawler (lightly wounded, clinging, chance to defeat MR: 2%)
The demonic crawler resists with almost no effort.
Something hits you but does no damage. x2; Something stings you.
* * * LOW HITPOINT WARNING * * *
The tarantella bites your green death!
Your green death hits the demonic crawler!!
You block the demonic crawler's attack. x2
The demonic crawler closely misses you.
Your blizzard demon hits something but does no damage.
Your blizzard demon hits something!
Something hits you but does no damage. Something hits you.
* * * LOW HITPOINT WARNING * * *
Something stings you but does no damage.
Something hits you but does no damage. x2
Something stings you but does no damage.
A wolf spider comes into view.
As you read the scroll labeled IBADWADEWN, it crumbles to dust.
You feel aware of your surroundings.
It was a scroll of magic mapping.
The tarantella bites your green death!
The demonic crawler hits you but does no damage.
You block the demonic crawler's attack. x2
Your green death closely misses the demonic crawler.
Your blizzard demon misses something.
Your blizzard demon hits something!
Something hits you.
* * * LOW HITPOINT WARNING * * *
You feel weakened. You block something's attack.
Something stings you but does no damage.
The tarantella bites your green death but does no damage.
You feel you are being watched by something.
You feel your power leaking away.
Something hits you but does no damage. x2; Something stings you!
You die...

,,,,,,,*,,.!.....#........##≈≈..#
,,,,,,,,,,.........#...##^..≈....
,,,,,,,,,..†.?#.............#....
*,*,,,,,,..............#[........
*,,*,,,,,.....^.....^.....#......
,,,,,,,,,.>....s.....^...........
,,,,,,*,,.s...#....>.....^.......
,,,,,,,,,........{...............
,,,,,,,,,.......@2.#...^......###
,,,*,,,,,......{s#s...........#,*
,,,,,*,,,......2ss.>...........,,
,,,,,,,,,...........s..........,*
**,,,,,,,...>.)..s........***,,,,
,,,,,,,,,#...........#...,,,**,,,
,,,,,,,,,...#...s.#^..##.,,,,*,,*
,,,,,,**,.....%....:.<.,,,,,,,,≈*
,,,,,,,,,,,,,,,,,,,,,,,,,,,,,,,**


You could see 2 demonic crawlers, 2 wolf spiders, an orb spider, 2 tarantellas,
2 redbacks, a friendly green death and a friendly blizzard demon.

Vanquished Creatures
  Roxanne (Spider:2)
  A fire giant (D:15)
  An emperor scorpion (Spider:1)
  An entropy weaver (Spider:2)
  Snorg (Orc:1)
  An ettin (Orc:2)
  2 hydras
  Erica (D:10)
  A catoblepas (Lair:6)
  4 centaur warriors
  A deep troll shaman (Lair:6)
  7 two-headed ogres
  2 tengu warriors (D:13)
  A queen ant (Spider:2)
  6 death yaks (Lair:6)
  5 orc high priests (Orc:2)
  An unseen horror (D:11)
  An orb spider (shapeshifter) (D:15)
  A deep elf mage (D:14)
  15 wolf spiders
  4 orc knights
  10 orb spiders
  6 elephants
  2 orc sorcerers
  2 ugly things
  2 cyclopes
  3 manticores
  A moth of wrath (Spider:1)
  A black mamba (Lair:4)
  8 gargoyles
  A torpor snail (Lair:3)
  10 spiny frogs
  3 komodo dragons
  8 demonic crawlers
  A harpy zombie (D:13)
  The ghost of TheNamelessOne the Destroyer, a novice TeCj (D:5)
  6 polar bears
  A queen bee (Lair:5)
  7 trolls
  A meliai (Lair:5)
  15 jumping spiders
  2 hornets
  Prince Ribbit (D:8)
  18 blink frogs
  A harpy skeleton (D:14)
  13 slime creatures
  8 hippogriffs
  13 tarantellas
  22 redbacks
  A meliai zombie (D:12)
  Sigmund (D:2)
  A spriggan (D:11)
  A wraith (D:14)
  34 yaks
  2 wyverns
  3 fire bats (Lair:3)
  The ghost of sankara the Chopper, an amateur HOFi of Makhleb (D:3)
  A hungry ghost (D:15)
  3 basilisks
  11 vampire mosquitoes
  A warg (Orc:2)
  10 porcupines
  An acid dragon (D:12)
  8 water moccasins
  4 soldier ants
  2 hell hounds (D:8)
  27 orc warriors
  5 sky beasts
  An eye of draining (shapeshifter) (D:14)
  3 ice beasts
  A black bear (Lair:6)
  14 ogres
  14 wolves
  13 centaurs
  11 crocodiles
  13 bullfrogs
  A big kobold (D:12)
  2 scorpions
  12 killer bees (Lair:5)
  13 wights
  A howler monkey (D:2)
  5 electric eels
  9 crimson imps
  27 orc priests
  2 bullfrog zombies
  A jelly (D:8)
  18 orc wizards
  6 centaur skeletons
  4 iguanas
  Crazy Yiuf (D:2)
  5 centaur zombies
  2 hounds
  A bullfrog skeleton (D:7)
  Jessica (D:2)
  17 worker ants
  6 gnolls
  12 adders
  4 shadow imps
  2 oozes (D:3)
  An adder skeleton (D:9)
  2 adder zombies
  5 worms
  13 dart slugs
  7 leopard geckos
  77 orcs
  2 ball pythons
  12 bats
  7 giant cockroaches
  6 goblins
  6 hobgoblins
  7 jackals
  9 kobolds
  8 quokkas
  7 frilled lizards
  A leopard gecko skeleton (D:4)
  7 rats
  A fungus (Lair:6)
  A plant (Lair:6)
743 creatures vanquished.

Vanquished Creatures (collateral kills)
  Frances (Spider:1)
  An entropy weaver (Spider:2)
  2 orc knights (Orc:2)
  An ugly thing (D:11)
  A wolf spider (Spider:1)
  A molten gargoyle (Volcano)
  2 gargoyles
  A hornet (Spider:1)
  2 meliai (Lair:5)
  2 jumping spiders (Spider:1)
  3 tarantellas
  A redback (Spider:1)
  A fire elemental (Volcano)
  4 orc warriors
  3 ogres
  A big kobold (D:9)
  10 killer bees (Lair:5)
  2 hounds (D:9)
  4 orc priests (Orc:2)
  An orc wizard (Orc:1)
  4 orcs
  A jackal (D:8)
  3 kobolds (D:9)
  A fungus (Lair:5)
  A plant (Lair:5)
54 creatures vanquished.

Vanquished Creatures (others)
  A centaur (D:13)
  An orc (Orc:2)
  A ball python (D:6)
  7 fungi
  4 plants
14 creatures vanquished.

Grand Total: 811 creatures vanquished

Notes
Turn   | Place    | Note
-------+----------+-------------------------------------------
     0 | D:1      | sankara the Hill Orc Monk began the quest for the Orb.
     0 | D:1      | Reached XP level 1. HP: 19/19 MP: 1/1
    23 | D:1      | Reached XP level 2. HP: 17/26 MP: 2/2
   348 | D:1      | Reached skill level 5 in Axes
   651 | D:1      | HP: 5/26 [hobgoblin (4)]
  1028 | D:1      | Reached XP level 3. HP: 31/31 MP: 3/3
  1437 | D:2      | Noticed Jessica
  1444 | D:2      | Reached skill level 6 in Axes
  1444 | D:2      | Reached XP level 4. HP: 29/39 MP: 4/4
  1444 | D:2      | Killed Jessica
  1444 | D:2      | Reached skill level 7 in Axes
  1623 | D:2      | Noticed Sigmund
  1633 | D:2      | Killed Sigmund
  1633 | D:2      | Reached skill level 8 in Axes
  1633 | D:2      | Reached skill level 2 in Armour
  1633 | D:2      | Reached XP level 5. HP: 45/45 MP: 5/5
  1633 | D:2      | Reached XP level 6. HP: 51/51 MP: 6/6
  2416 | D:2      | Found a runed door.
  2549 | D:3      | Noticed sankara's ghost (amateur HOFi)
  3018 | D:3      | Reached skill level 3 in Armour
  3462 | D:3      | Killed sankara's ghost
  3462 | D:3      | Reached skill level 4 in Fighting
  3462 | D:3      | Reached XP level 7. HP: 43/60 MP: 7/7
  3501 | D:3      | HP: 12/60 [quokka (4)]
  3511 | D:3      | HP: 10/60 [quokka (1)]
  3519 | D:3      | HP: 10/60 [giant cockroach (2)]
  4255 | D:4      | Reached skill level 9 in Axes
  4282 | D:4      | Found a shattered altar of Ashenzari.
  4316 | D:4      | Found a staircase to the Ecumenical Temple.
  4320 | Temple   | Entered the Ecumenical Temple
  4502 | Temple   | Became a worshipper of Makhleb the Destroyer
  4502 | Temple   | Reached * piety under Makhleb
  4502 | Temple   | Reached ** piety under Makhleb
  4674 | D:4      | Reached skill level 4 in Armour
  4905 | D:4      | Reached skill level 5 in Fighting
  5038 | D:5      | Entered Level 5 of the Dungeon
  5078 | D:5      | Reached skill level 1 in Invocations
  5501 | D:5      | Reached skill level 2 in Invocations
  5501 | D:5      | Reached XP level 8. HP: 68/68 MP: 9/9
  5531 | D:5      | Noticed TheNamelessOne's ghost (novice TeCj)
  5649 | D:5      | Killed TheNamelessOne's ghost
  5649 | D:5      | Reached skill level 5 in Armour
  5649 | D:5      | Reached skill level 3 in Invocations
  5856 | D:5      | Reached skill level 10 in Axes
  6065 | D:6      | Reached skill level 4 in Invocations
  6429 | D:6      | Reached skill level 5 in Invocations
  6688 | D:6      | Reached skill level 11 in Axes
  6788 | D:6      | Found a glowing golden altar of the Shining One.
  6925 | D:6      | Found an iron altar of Okawaru.
  6927 | D:6      | Found an ancient bone altar of Kikubaaqudgha.
  7366 | D:2      | Noticed Crazy Yiuf
  7374 | D:2      | Killed Crazy Yiuf
  7638 | D:7      | Reached XP level 9. HP: 71/74 MP: 12/12
  7697 | D:7      | Found Iklegan's Assorted Antiques.
  7705 | D:7      | Bought a pair of glowing boots for 195 gold pieces
  7787 | D:7      | Found an opulent altar of Gozag.
  7822 | D:7      | Reached skill level 12 in Axes
  8485 | D:7      | Found Ylonwoag's Antique Armour Shoppe.
  8775 | D:7      | Found a sacrificial altar of Ru.
  8858 | D:8      | Reached skill level 1 in Shields
  8913 | D:8      | Reached skill level 2 in Stealth
  8913 | D:8      | Reached skill level 1 in Evocations
  8972 | D:8      | Found a shimmering altar of Xom.
  8972 | D:8      | Found a shimmering altar of Xom.
  8973 | D:8      | Found a shimmering altar of Xom.
  8974 | D:8      | Found a shimmering altar of Xom.
  8974 | D:8      | Found a shimmering altar of Xom.
  8974 | D:8      | Found a shimmering altar of Xom.
  8977 | D:8      | Found a shimmering altar of Xom.
  9074 | D:8      | Noticed Prince Ribbit
  9099 | D:8      | Reached *** piety under Makhleb
  9103 | D:8      | Noticed a brown ugly thing
  9118 | D:8      | Killed a brown ugly thing
  9118 | D:8      | Reached skill level 2 in Shields
  9346 | D:8      | Reached skill level 2 in Evocations
  9439 | D:8      | Found a staircase to the Lair.
  9453 | D:8      | Reached skill level 6 in Fighting
  9462 | D:8      | Reached skill level 3 in Stealth
  9478 | D:8      | Killed Prince Ribbit
  9478 | D:8      | Reached skill level 3 in Shields
  9650 | D:8      | Noticed an orb spider
  9895 | D:9      | Reached XP level 10. HP: 84/84 MP: 13/13
  9903 | D:9      | Reached skill level 4 in Shields
  9913 | D:9      | Reached skill level 7 in Fighting
 10013 | D:9      | Reached skill level 13 in Axes
 10099 | D:9      | Found a staircase to the Orcish Mines.
 10358 | D:10     | Entered Level 10 of the Dungeon
 10378 | D:10     | Reached **** piety under Makhleb
 10425 | D:10     | Reached skill level 8 in Fighting
 10579 | D:10     | Noticed Erica
 10607 | D:10     | Killed Erica
 10828 | D:10     | Reached skill level 9 in Fighting
 10828 | D:10     | Reached skill level 14 in Axes
 11325 | D:11     | Killed an unseen horror
 11325 | D:11     | Reached skill level 10 in Fighting
 11325 | D:11     | Reached XP level 11. HP: 97/100 MP: 14/14
 11329 | D:11     | Noticed a red ugly thing
 11346 | D:11     | HP: 25/100 [red ugly thing (16)]
 11349 | D:11     | HP: 9/100 [red ugly thing (14)]
 11352 | D:11     | Killed a red ugly thing
 11732 | D:11     | Reached skill level 15 in Axes
 11732 | D:11     | Reached skill level 6 in Invocations
 11823 | D:11     | Noticed a two-headed ogre
 11863 | D:11     | Killed a two-headed ogre
 11863 | D:11     | Reached skill level 11 in Fighting
 11863 | D:11     | Reached skill level 7 in Invocations
 12079 | D:11     | Got a slimy shield
 12091 | D:11     | Identified the +3 shield "Vepomm" {MR++ SInv} (You found it on level 11 of the Dungeon)
 12816 | D:12     | Reached skill level 8 in Invocations
 12837 | D:12     | Reached skill level 5 in Shields
 13103 | D:12     | Noticed a two-headed ogre
 13108 | D:12     | Killed a two-headed ogre
 13108 | D:12     | Reached skill level 3 in Dodging
 13141 | D:12     | Reached XP level 12. HP: 110/110 MP: 18/18
 13182 | D:12     | Reached skill level 6 in Armour
 13984 | Lair:1   | Entered Level 1 of the Lair of Beasts
 14144 | Lair:1   | Got a transparent morningstar
 14351 | Lair:1   | Reached skill level 16 in Axes
 14731 | Lair:1   | Reached skill level 9 in Invocations
 14895 | Lair:2   | Reached skill level 6 in Shields
 14897 | Lair:2   | Reached skill level 12 in Fighting
 15083 | Lair:2   | Found a hole to the Spider Nest.
 15093 | Lair:2   | Reached skill level 4 in Dodging
 15683 | Lair:2   | Reached skill level 7 in Armour
 16038 | Lair:3   | Reached ***** piety under Makhleb
 16039 | Lair:3   | Identified the cursed +0 morningstar of Fragile Peace {freeze, rPois rC+ Str+4 Int-2} (You found it on level 1 of the Lair of Beasts)
 16215 | Lair:3   | Reached skill level 7 in Shields
 16216 | Lair:3   | Reached skill level 10 in Invocations
 16308 | Lair:3   | Found a dark tunnel.
 16330 | Volcano  | Entered a volcano
 16358 | Volcano  | Reached XP level 13. HP: 81/119 MP: 20/20
 16847 | Lair:3   | Found a staircase to the Shoals.
 17216 | Lair:4   | Reached skill level 5 in Dodging
 17252 | Lair:4   | Reached skill level 8 in Armour
 17867 | Lair:5   | Reached skill level 8 in Shields
 17870 | Lair:5   | HP: 28/119 [meliai/hand axe (13)]
 17874 | Lair:5   | HP: 13/119 [killer bee (1)]
 17879 | Lair:5   | HP: 10/119 [poisoned by a killer bee]
 17885 | Lair:5   | HP: 9/119 [poisoned by a killer bee]
 17893 | Lair:5   | HP: 10/119 [poisoned by a killer bee]
 18274 | Lair:4   | Reached skill level 13 in Fighting
 18907 | Lair:6   | Entered Level 6 of the Lair of Beasts
 18942 | Lair:6   | Reached skill level 11 in Invocations
 19068 | Lair:6   | Reached skill level 9 in Shields
 19088 | Lair:6   | Reached skill level 9 in Armour
 19193 | Lair:6   | Found a staircase to the Slime Pits.
 19414 | Lair:6   | Reached skill level 10 in Shields
 19435 | Lair:6   | Reached XP level 14. HP: 122/129 MP: 22/22
 19671 | Lair:6   | Reached skill level 12 in Invocations
 19742 | Lair:6   | Learned a level 6 spell: Death Channel
 20354 | Orc:1    | Entered Level 1 of the Orcish Mines
 20508 | Orc:1    | Noticed Snorg
 20573 | Orc:1    | Killed Snorg
 20835 | Orc:2    | Entered Level 2 of the Orcish Mines
 20835 | Orc:2    | Found Nanuz's Assorted Antiques.
 20955 | Orc:2    | Reached skill level 11 in Shields
 21030 | Orc:2    | Reached skill level 14 in Fighting
 21152 | Orc:2    | Found a staircase to the Elven Halls.
 21192 | Orc:2    | Reached skill level 10 in Armour
 21689 | Orc:2    | Reached ****** piety under Makhleb
 22056 | Orc:2    | HP: 10/132 [orc knight/great sword (34)]
 23047 | Orc:2    | Found Vaozyck's Book Shoppe.
 23050 | Orc:2    | Found Ysigoxif's General Store.
 23051 | Orc:2    | Found Naifya's Book Shoppe.
 23052 | Orc:2    | Found Labb's Assorted Antiques.
 23602 | Lair:1   | Upgraded the game from 0.22-a0-351-g29664b4 to 0.22-a0-354-g30dfbe6
 24051 | Orc:2    | Bought a scroll of identify for 32 gold pieces
 24375 | D:13     | Reached skill level 12 in Shields
 24557 | D:13     | Found Manaqeurgh's Assorted Antiques.
 24565 | D:13     | Bought a scroll labeled URCHAN ZELELI for 29 gold pieces
 24565 | D:13     | Bought a scroll of identify for 58 gold pieces
 24566 | D:13     | Bought a scroll of identify for 58 gold pieces
 24566 | D:13     | Bought 2 scrolls of identify for 116 gold pieces
 24566 | D:13     | Bought a scroll of identify for 58 gold pieces
 24566 | D:13     | Bought an amethyst potion for 26 gold pieces
 24797 | D:13     | Reached skill level 13 in Invocations
 24896 | D:13     | Reached XP level 15. HP: 125/139 MP: 24/24
 25299 | D:14     | Got a fine shield
 25310 | D:14     | Identified the +8 shield "Lauwkipi" {rN++ Regen+ Int+4 Dex-5} (You found it on level 14 of the Dungeon)
 25350 | D:14     | Found Lisku's Food Boutique.
 25527 | D:14     | Reached skill level 11 in Armour
 25846 | D:14     | Found a gate to the Vaults.
 26007 | D:15     | Entered Level 15 of the Dungeon
 26032 | D:15     | Reached skill level 13 in Shields
 26405 | D:15     | Found a staircase to the Depths.
 26405 | D:15     | Noticed a fire giant
 26427 | D:15     | Reached skill level 15 in Fighting
 26441 | D:15     | Killed a fire giant
 27004 | Spider:1 | Entered Level 1 of the Spider Nest
 27224 | Spider:1 | Noticed Frances
 27235 | Spider:1 | Killed Frances
 27255 | Spider:1 | Reached skill level 14 in Invocations
 27327 | Spider:1 | Noticed an emperor scorpion
 27403 | Spider:1 | Killed an emperor scorpion
 27403 | Spider:1 | Reached skill level 14 in Shields
 27814 | Spider:1 | Reached skill level 12 in Armour
 28033 | Spider:2 | Reached XP level 16. HP: 149/149 MP: 26/26
 28357 | Spider:2 | Noticed Roxanne
 28416 | Spider:2 | Killed Roxanne
 28417 | Spider:2 | Identified Roxanne's Collected Works on Stones (You took it off Roxanne on level 2 of the Spider Nest)
 28618 | Spider:2 | Reached skill level 15 in Shields
 28832 | Spider:2 | Got a wavering pewter ring
 28834 | Spider:2 | Identified the ring "Gidiff" {rF+ rC+ rN+ Int-3 Stlth+} (You found it on level 2 of the Spider Nest)
 29237 | Spider:3 | Reached skill level 15 in Invocations
 29290 | Spider:3 | HP: 34/149 [something (4)]
 29295 | Spider:3 | HP: 13/149 [something (6)]
 29300 | Spider:3 | HP: 15/149 [something (5)]
 29304 | Spider:3 | HP: 7/149 [something (3)]
 29304 | Spider:3 | Slain by a ghost moth

Vault maps used:
D:1:      erik_arrival_blinker_ship
D:2:      uniq_sigmund, uniq_crazy_yiuf_cottage, uniq_jessica
D:4:      ashenzari_conservatory_becter, temple_hall_moat, first_ration,
          minmay_misc_feat_chi, grunt_ministairs_7
D:5:      nrook_mini_backslash
D:6:      kennysheep_slugbush, nicolae_overflow_hidden_temple, tso_metal_star
D:7:      lemuel_doored_altar, lemuel_coloured_pillars_altar, serial_shops,
          shop, nicolae_shop_overgrown_old_shop
D:8:      xom_shifter_show, minmay_lair_entry_lava, uniq_prince_ribbit1
D:9:      david_orc_2
D:10:     uniq_erica
D:11:     cheibrodos_statue_roulette, the_bakery, grunt_ministairs_8
D:13:     serial_shops, shop
D:14:     david_vaults_4, corexii_hall_statues_i, serial_shops,
          nicolae_shop_temple_entry_statues_fountains
D:15:     grunt_enter_depths_giant_problem, hangedman_decor_opposing,
          minivault_11
Temple:   eino_temple_scatter_basement
Lair:1:   gammafunk_lair_bear_cave, grunt_megastairs_1
Lair:2:   dummy_spider_entry, minivault_26, serial_bayou_pond_a
Lair:3:   elwin_shoals_entry_rooms, nicolae_volcano_entry_batcave
Lair:5:   minivault_25
Lair:6:   grunt_lair_end_beastmaster, minmay_slime_entry_pillars
Spider:1: spider_trap, uniq_frances
Spider:2: nicolae_spider_ant_collections, uniq_roxanne
Orc:1:    nicolae_orc_bridge_out, uniq_snorg
Orc:2:    st_orc_pillars, serial_shops, shop
Volcano:  volcano_overflow

Skill      XL: |  1  2  3  4  5  6  7  8  9 10 11 12 13 14 15 16 |
---------------+-------------------------------------------------+-----
Axes           | 5 6 8 9 11 12 14 15 16 | 16.0
Armour         | 2 3 4 5 7 9 10 12 | 12.7
Fighting       | 4 5 6 10 11 12 13 14 15 | 15.0
Invocations    | 2 5 8 10 11 13 14 15 | 15.0
Shields        | 3 4 5 7 10 12 14 15 | 15.0
Stealth        | 3 |  3.0
Evocations     | 2 |  2.0
Dodging        | 3 4 5 |  5.0

Action                   |  1- 3 |  4- 6 |  7- 9 | 10-12 | 13-15 | 16-18 || total
-------------------------+-------+-------+-------+-------+-------+-------++-------
Melee: Hand axe          |    87 |   171 |   342 |       |       |       ||   600
       Unarmed           |       |       |    22 |       |       |       ||    22
       War axe           |       |       |    92 |   826 |  2048 |   326 ||  3292
 Fire: Hunting sling     |    13 |       |    23 |       |       |       ||    36
Invok: Minor Destruction |       |       |     5 |       |    11 |       ||    16
       Lesser Servant of |       |       |     2 |     9 |    12 |     7 ||    30
       Major Destruction |       |       |       |       |     6 |       ||     6
       Greater Servant o |       |       |       |       |     4 |     2 ||     6
 Abil: Evoke Berserk Rag |     1 |     2 |    13 |       |       |       ||    16
Evoke: Wand              |       |       |       |     3 |       |     1 ||     4
  Use: Scroll            |       |       |     9 |    12 |    14 |     2 ||    37
       Potion            |       |       |       |       |     2 |     6 ||     8
 Stab: Distracted        |     1 |       |       |       |     3 |     2 ||     6
       Sleeping          |       |     1 |       |       |       |       ||     1
       Petrified         |       |       |       |       |    18 |       ||    18
       Petrifying        |       |       |       |       |     3 |       ||     3
  Eat: Chunk             |     1 |     8 |    32 |    18 |    41 |     4 ||   104
       Ration            |       |       |       |     3 |       |       ||     3
Armor: Robe              |     9 |       |       |       |       |       ||     9
       Leather armour    |    17 |    24 |       |       |       |       ||    41
       Plate armour      |       |    73 |   250 |   354 |   814 |   289 ||  1780
       Skin              |       |       |     5 |       |       |       ||     5
Dodge: Dodged            |    65 |    70 |   142 |   195 |   467 |    81 ||  1020
Block: Other             |     2 |       |       |       |       |       ||     2
       Buckler           |       |       |    18 |    97 |       |       ||   115
       Shield            |       |       |       |   393 |  1931 |   449 ||  2773
       Reflection        |       |       |       |       |    28 |     1 ||    29

Table legend:
 A = Spawn XP
 B = Non-spawn XP
 C = Spawn XP percentage of total XP
 D = Spawn monster count
 E = Non-spawn monster count
 F = Spawn count percentage of total count
 G = Total turns spent on level
                    A         B        C        D         E        F      G
               +---------+---------+-------+---------+---------+-------+---------
         Total |       0 |  146247 |   0.0 |       0 |     795 |   0.0 | 29304
               +---------+---------+-------+---------+---------+-------+---------
           D:1 |       0 |      42 |   0.0 |       0 |      21 |   0.0 |  1534
           D:2 |       0 |     441 |   0.0 |       0 |      34 |   0.0 |  1971
           D:3 |       0 |     288 |   0.0 |       0 |      23 |   0.0 |   684
           D:4 |       0 |     220 |   0.0 |       0 |       9 |   0.0 |  1002
           D:5 |       0 |     673 |   0.0 |       0 |      12 |   0.0 |  1064
           D:6 |       0 |     555 |   0.0 |       0 |      23 |   0.0 |  1268
           D:7 |       0 |     488 |   0.0 |       0 |      12 |   0.0 |  1457
           D:8 |       0 |    1743 |   0.0 |       0 |      19 |   0.0 |  1174
           D:9 |       0 |     961 |   0.0 |       0 |      37 |   0.0 |   732
          D:10 |       0 |    2538 |   0.0 |       0 |      25 |   0.0 |  1329
          D:11 |       0 |    7698 |   0.0 |       0 |      29 |   0.0 |  1293
          D:12 |       0 |    4741 |   0.0 |       0 |      32 |   0.0 |   916
          D:13 |       0 |    9614 |   0.0 |       0 |      46 |   0.0 |   977
          D:14 |       0 |    7334 |   0.0 |       0 |      23 |   0.0 |   885
          D:15 |       0 |   11229 |   0.0 |       0 |      29 |   0.0 |   764
        Lair:1 |       0 |    3034 |   0.0 |       0 |      19 |   0.0 |  1029
        Lair:2 |       0 |    3352 |   0.0 |       0 |      17 |   0.0 |  1005
        Lair:3 |       0 |    5383 |   0.0 |       0 |      25 |   0.0 |   871
        Lair:4 |       0 |    3849 |   0.0 |       0 |      18 |   0.0 |   876
        Lair:5 |       0 |    5472 |   0.0 |       0 |      37 |   0.0 |  1097
        Lair:6 |       0 |   19294 |   0.0 |       0 |      57 |   0.0 |  1167
      Spider:1 |       0 |   19232 |   0.0 |       0 |      50 |   0.0 |   910
      Spider:2 |       0 |   17876 |   0.0 |       0 |      51 |   0.0 |  1300
      Spider:3 |       0 |    2731 |   0.0 |       0 |       9 |   0.0 |    90
         Orc:1 |       0 |    2453 |   0.0 |       0 |      19 |   0.0 |  1367
         Orc:2 |       0 |   13965 |   0.0 |       0 |     115 |   0.0 |  1975
       Volcano |       0 |    1041 |   0.0 |       0 |       4 |   0.0 |   375
               +---------+---------+-------+---------+---------+-------+---------

Vault maps used:
D:1:      erik_arrival_blinker_ship
D:2:      uniq_sigmund, uniq_crazy_yiuf_cottage, uniq_jessica
D:4:      ashenzari_conservatory_becter, temple_hall_moat, first_ration,
          minmay_misc_feat_chi, grunt_ministairs_7
D:5:      nrook_mini_backslash
D:6:      kennysheep_slugbush, nicolae_overflow_hidden_temple, tso_metal_star
D:7:      lemuel_doored_altar, lemuel_coloured_pillars_altar, serial_shops,
          shop, nicolae_shop_overgrown_old_shop
D:8:      xom_shifter_show, minmay_lair_entry_lava, uniq_prince_ribbit1
D:9:      david_orc_2
D:10:     uniq_erica
D:11:     cheibrodos_statue_roulette, the_bakery, grunt_ministairs_8
D:13:     serial_shops, shop
D:14:     david_vaults_4, corexii_hall_statues_i, serial_shops,
          nicolae_shop_temple_entry_statues_fountains
D:15:     grunt_enter_depths_giant_problem, hangedman_decor_opposing,
          minivault_11
Temple:   eino_temple_scatter_basement
Lair:1:   gammafunk_lair_bear_cave, grunt_megastairs_1
Lair:2:   dummy_spider_entry, minivault_26, serial_bayou_pond_a
Lair:3:   elwin_shoals_entry_rooms, nicolae_volcano_entry_batcave
Lair:5:   minivault_25
Lair:6:   grunt_lair_end_beastmaster, minmay_slime_entry_pillars
Spider:1: spider_trap, uniq_frances
Spider:2: nicolae_spider_ant_collections, uniq_roxanne
Orc:1:    nicolae_orc_bridge_out, uniq_snorg
Orc:2:    st_orc_pillars, serial_shops, shop
Volcano:  volcano_overflow

Table legend:
 A = Turns spent in this place as a percentage of turns spent in the entire game.
 B = Non-inter-level travel turns spent in this place as a percentage of non-inter-level travel turns spent in the entire game.
 C = Inter-level travel turns spent in this place as a percentage of turns spent in this place.
 D = Turns resting spent in this place as a percentage of non-inter-level travel turns spent in this place.
 E = Turns spent auto-exploring this place as a percentage of non-inter-level travel turns spent in this place.
 F = Non-inter-level travel turns spent in this place divided by the number of levels of this place that you've seen.
                   A       B       C       D       E      F
               +-------+-------+-------+-------+-------+----------------------
         Total | 100.0 | 100.0 |   9.6 |  17.5 |  52.0 | 946.6
       Dungeon |  58.2 |  57.5 |  10.5 |  22.7 |  50.5 | 1016.9
        Temple |   0.7 |   0.6 |  14.1 |   0.0 |  98.2 | 165.0
          Lair |  20.6 |  20.8 |   8.6 |   6.8 |  65.1 | 920.7
   Spider Nest |   7.8 |   8.4 |   2.7 |   1.5 |  49.4 | 745.7
  Orcish Mines |  11.4 |  11.1 |  11.7 |  25.7 |  36.1 | 1475.5
       Volcano |   1.3 |   1.4 |   0.0 |   0.0 |  40.8 | 375.0
               +-------+-------+-------+-------+-------+----------------------

Table legend:
 A = Kills in this place as a percentage of kills in entire the game.
 B = Kills by you in this place as a percentage of kills by you in the entire game.
 C = Kills by friends in this place as a percentage of kills by friends in the entire game.
 D = Other kills in this place as a percentage of other kills in the entire game.
 E = Experience gained in this place as a percentage of experience gained in the entire game.
 F = Experience gained in this place divided by the number of levels of this place that you have seen.
                   A       B       C       D       E      F
               +-------+-------+-------+-------+-------+----------------------
         Total | 100.0 | 100.0 | 100.0 | 100.0 | 100.0 | 5223.1
       Dungeon |  47.0 |  49.1 |  17.3 |  50.0 |  33.2 | 3237.7
          Lair |  21.8 |  21.7 |  23.1 |   0.0 |  27.6 | 6730.7
   Spider Nest |  13.8 |  13.5 |  19.2 |   0.0 |  27.2 | 13279.7
  Orcish Mines |  16.9 |  15.5 |  34.6 |  50.0 |  11.2 | 8209.0
       Volcano |   0.5 |   0.1 |   5.8 |   0.0 |   0.7 | 1041.0
               +-------+-------+-------+-------+-------+----------------------
